Map: Simulacrum LE

Players

INnoVation - Winner!

  • Race: Terran Terran
  • Spawn Location: 11:00

ShoWTimE

  • Race: Protoss Protoss
  • Spawn Location: 5:00

Event: IEM Katowice 2020

VOD

Have the link to the VOD?

Description

Time

  • Played on: Feb. 29, 2020, 5:47 a.m.
  • Length: 16:26

All games in this series

Show
View Real Time Build Order
Export as new Build Order

INnoVation Terran - Winner!

Build Orders: Reaper Expand, Widow Mine Drop 

Get SALT Encoding   

  12  0:00  SCV  
  13  0:12  SCV  
  14  0:17  Supply Depot  
  14  0:24  SCV  
  15  0:38  SCV  
  15  0:39  Barracks  
  16  0:43  Refinery  
  16  0:50  SCV  
  17  1:02  SCV  
  18  1:14  SCV  
  19  1:25  Reaper  
  19  1:26  Orbital Command  
  20  1:45  Command Center  
  20  1:50  Supply Depot  
  20  1:52  SCV  
  21  1:57  Marine  
  22  2:05  SCV  
  23  2:08  Factory  
  23  2:14  Refinery  
  23  2:17  SCV  
  23  2:20  Barracks Reactor  
  24  2:29  SCV  
  25  2:41  SCV  
  26  2:53  Starport  
  26  2:54  SCV  
  26  2:55  Widow Mine, Marine  
  26  2:56  Marine  
  26  2:58  Orbital Command  
  31  3:07  SCV  
  32  3:13  Marine x2  
  32  3:16  Widow Mine  
  32  3:19  SCV  
  37  3:24  SCV, Supply Depot  
  38  3:30  Medivac  
  38  3:31  SCV  
  38  3:32  Marine x2  
  43  3:36  SCV  
  43  3:38  Widow Mine  
  46  3:46  SCV, Supply Depot  
  46  3:48  SCV  
  48  3:50  Marine  
  48  3:51  Marine  
  50  3:58  SCV  
  50  4:00  SCV  
  50  4:01  Starport Tech Lab, Factory Tech Lab  
  51  4:07  Supply Depot  
  51  4:08  Marine x2  
  53  4:10  SCV  
  53  4:12  SCV  
  55  4:19  Raven  
  55  4:22  SCV  
  58  4:24  SCV  
  58  4:26  Command Center  
  58  4:30  Siege Tank  
  62  4:32  Supply Depot  
  62  4:35  SCV  
  62  4:36  SCV  
  64  4:41  Barracks  
  64  4:47  Barracks  
  64  4:48  SCV x2  
  64  4:51  Bunker  
  66  4:55  Refinery  
  66  4:57  Refinery  
  66  5:00  SCV x2  
  66  5:05  Marine x2  
  66  5:06  Supply Depot  
  70  5:12  SCV  
  70  5:13  SCV  
  72  5:15  Engineering Bay  
  72  5:16  Engineering Bay  
  72  5:20  Starport Reactor, Factory Reactor  
  72  5:24  SCV  
  72  5:25  SCV  
  74  5:33  Barracks  
  74  5:36  SCV  
  74  5:37  SCV  
  74  5:40  Combat Shield  
  74  5:41  Stimpack, Orbital Command  
  76  5:45  Terran Infantry Weapons Level 1, Terran Infantry Armor Level 1  
  76  5:49  Barracks  
  76  5:52  SCV x2  
  76  5:53  Marine x2  
  80  5:59  Marauder x2  
  84  6:04  Medivac, Orbital Command, Supply Depot  
  84  6:07  Medivac  
  84  6:10  Widow Mine  
  84  6:11  Widow Mine  
  92  6:12  SCV  
  92  6:13  SCV  
  94  6:22  Marauder x2  
  94  6:23  Marine  
  94  6:24  Marine  
  100  6:26  SCV x2  
  100  6:27  Missile Turret  
  100  6:30  SCV  
  103  6:34  Missile Turret, Widow Mine x2, Barracks Tech Lab  
  103  6:37  Barracks Reactor  
  103  6:39  SCV x2  
  109  6:57  Refinery  
  109  6:58  Supply Depot, Refinery  
  109  7:00  Armory  
  109  7:12  Supply Depot  
  109  7:19  SCV x3, Medivac x2  
  109  7:21  Supply Depot x2  
  109  7:22  Command Center  
  116  7:31  SCV  
  116  7:33  Marauder  
  116  7:34  SCV x2, Marauder x2  
  121  7:37  Marine x2  
  121  7:38  Marine x2  
  121  7:43  SCV  
  123  7:46  SCV x2  
  123  7:49  Viking x2  
  129  7:53  Terran Infantry Weapons Level 2  
  129  7:55  Marauder  
  129  7:56  SCV, Marauder x2  
  129  7:57  Terran Infantry Armor Level 2  
  136  8:01  Ghost Academy  
  136  8:06  Supply Depot  
  136  8:07  Terran Ship Weapons Level 1  
  136  8:09  SCV x2  
  136  8:10  SCV  
  136  8:12  Supply Depot  
  139  8:15  Marine x2  
  141  8:20  Supply Depot  
  141  8:27  Viking x2, Marine  
  141  8:28  SCV  
  141  8:29  SCV  
  141  8:33  SCV  
  156  8:35  Planetary Fortress  
  156  8:39  Marine  
  156  8:45  Barracks  
  156  8:46  Factory Reactor, Barracks x2  
  156  8:49  Refinery x2  
  156  8:51  Starport  
  156  8:53  Marine  
  156  8:54  Marine x2  
  157  8:56  Marine  
  157  8:57  Viking x2  
  157  9:02  Unknown x3  
  160  9:03  Missile Turret  
  164  9:15  Marine x3  
  164  9:16  Marine  
  168  9:21  Supply Depot  
  168  9:22  Supply Depot  
  168  9:27  Enhanced Shockwaves  
  168  9:31  Medivac x2  
  172  9:36  Unknown x2  
  172  9:40  Marauder x2  
  172  9:41  Marauder  
  166  9:47  Marine x6  
  168  9:56  Viking x2  
  168  9:58  Barracks Tech Lab x2  
  172  10:02  Marauder x3  
  172  10:04  Viking x2  
  172  10:05  Missile Turret  
  182  10:08  Terran Ship Weapons Level 2  
  180  10:16  Marine x3  
  180  10:17  Marine x2  
  180  10:18  Marauder x2, Marine  
  190  10:23  Terran Infantry Weapons Level 3, Marauder x3  
  196  10:32  Terran Infantry Armor Level 3  
  196  10:33  Fusion Core  
  193  10:45  Liberator  
  193  10:47  Liberator  
  187  10:54  Liberator  
  187  10:55  Marauder  
  187  10:56  Marauder  
  192  10:57  Marauder, Command Center  
  192  10:58  Marauder  
  192  11:09  Marauder  
  192  11:10  Marine x5  
  196  11:22  Advanced Ballistics  
  196  11:35  Marauder  
  196  11:55  Unknown  
  196  11:56  Command Center  
  196  12:05  Command Center  
  196  12:09  Sensor Tower  
  196  12:11  Marine  
  196  12:13  Marine x2  
  196  12:15  Missile Turret, Liberator  
  195  12:16  Unknown  
  195  12:18  Unknown  
  195  12:25  Liberator  
  195  12:28  Liberator  
  195  12:29  Liberator  
  196  12:32  Marauder  
  190  12:38  Unknown, Marauder  
  190  12:39  Marine x5  
  190  12:40  Unknown  
  193  12:47  Terran Ship Weapons Level 3  
  187  12:58  Liberator  
  187  13:00  Unknown x2  
  190  13:08  Liberator  
  190  13:11  Liberator  
  192  13:18  Liberator  
  195  13:22  Refinery  
  195  13:24  Refinery, Missile Turret  
  192  13:37  Marauder x4  
  192  13:41  Marine x3, Liberator  
  194  13:43  Planetary Fortress  
  194  13:45  SCV  
  194  13:46  SCV  
  188  14:07  Marauder x2  
  188  14:08  Marine x2, Liberator x3  
  188  14:09  Marine x4  
  197  14:11  SCV  
  197  14:12  SCV  
  178  14:22  SCV  
  178  14:23  SCV x2, Planetary Fortress  
  178  14:24  SCV, Liberator  
  181  14:30  Hi-Sec Auto Tracking, Neosteel Armor  
  184  14:33  Marauder x3  
  184  14:38  Unknown x2, Marauder x2  
  192  14:39  Marine x3  
  192  14:40  Marine  
  192  14:41  Marine  
  192  14:45  SCV  
  200  14:52  Liberator  
  197  14:55  Missile Turret  
  197  14:59  SCV x3  
  187  15:00  SCV  
  187  15:01  Marauder  
  187  15:03  Liberator x2  
  187  15:05  Marine x2  
  187  15:06  Marine, Liberator  
  192  15:13  Marauder  
  192  15:18  Marauder, Marine  
  195  15:27  Marauder  
  191  15:34  Liberator  
  191  15:36  Marauder  
  191  15:37  Marauder x2  
  191  15:42  Marine x3  
  185  16:03  Marauder x3  
  150  16:21  Command Center  
Show
View Real Time Build Order
Export as new Build Order

ShoWTimE Protoss 

Build Orders: 1 Gate Expand, Blink Stalkers, Colossus Rush 

Get SALT Encoding   

  12  0:00  Probe  
  13  0:12  Probe  
  14  0:17  Pylon  
  14  0:25  Probe (Chrono Boost)  
  15  0:37  Probe (Chrono Boost), Gateway  
  16  0:44  Probe (Chrono Boost)  
  16  0:46  Assimilator  
  17  0:51  Probe  
  18  1:03  Probe  
  19  1:15  Probe  
  20  1:22  Nexus  
  20  1:31  Cybernetics Core  
  20  1:34  Probe  
  21  1:41  Assimilator  
  21  1:46  Probe  
  22  1:51  Pylon  
  22  1:59  Probe  
  23  2:06  Adept (Chrono Boost)  
  23  2:08  Warp Gate  
  23  2:11  Probe  
  26  2:23  Probe  
  26  2:27  Stalker (Chrono Boost)  
  29  2:34  Twilight Council  
  29  2:36  Probe (Chrono Boost)  
  30  2:40  Probe (Chrono Boost)  
  30  2:46  Probe (Chrono Boost)  
  30  2:49  Probe (Chrono Boost)  
  30  2:51  Probe (Chrono Boost)  
  33  2:59  Probe  
  33  3:00  Stalker  
  33  3:02  Probe  
  37  3:09  Blink (Chrono Boost)  
  37  3:11  Probe  
  38  3:15  Probe  
  39  3:21  Pylon  
  39  3:23  Probe  
  41  3:27  Probe  
  41  3:28  Robotics Facility  
  41  3:35  Probe  
  41  3:39  Probe  
  43  3:45  Gateway  
  43  3:47  Probe  
  44  3:51  Probe  
  44  3:53  Gateway  
  45  4:00  Probe  
  45  4:01  Assimilator  
  46  4:03  Probe  
  47  4:12  Probe  
  47  4:15  Probe, Observer (Chrono Boost)  
  50  4:20  Stalker  
  50  4:21  Pylon  
  50  4:24  Probe  
  53  4:27  Probe  
  54  4:35  Nexus  
  54  4:39  Probe, Observer  
  54  4:40  Probe, Pylon  
  54  4:41  Robotics Bay  
  54  4:44  Assimilator  
  57  4:51  Probe  
  57  4:52  Probe, Pylon  
  59  4:55  Stalker  
  59  4:58  Stalker  
  63  5:01  Stalker, Observer  
  63  5:05  Probe x2  
  68  5:09  Pylon  
  68  5:18  Probe x2  
  70  5:24  Colossus (Chrono Boost)  
  70  5:25  Gateway x2  
  76  5:35  Extended Thermal Lance  
  76  5:38  Probe x2  
  76  5:42  Sentry  
  76  5:45  Pylon  
  78  5:51  Probe  
  78  5:52  Probe  
  78  5:53  Pylon  
  80  5:58  Shield Battery  
  80  6:04  Probe  
  80  6:05  Zealot x2, Colossus (Chrono Boost)  
  91  6:12  Sentry  
  91  6:16  Probe  
  91  6:17  Probe x2  
  96  6:20  Shield Battery, Observer  
  96  6:24  Pylon  
  96  6:27  Charge, Zealot x3  
  96  6:30  Sentry  
  104  6:36  Zealot  
  106  6:40  Forge  
  106  6:42  Forge  
  106  6:49  Stalker x3  
  108  6:58  Probe  
  107  7:02  Stalker  
  107  7:05  Probe, Pylon  
  107  7:08  Zealot  
  112  7:13  Zealot x3  
  112  7:14  Colossus (Chrono Boost)  
  118  7:17  Photon Cannon  
  118  7:19  Pylon  
  124  7:24  Probe  
  125  7:32  Zealot x2  
  125  7:34  Protoss Ground Armor Level 1 (Chrono Boost), Protoss Ground Weapons Level 1 (Chrono Boost)  
  125  7:40  Probe x3  
  128  7:48  Photon Cannon  
  128  7:54  Gateway  
  128  7:58  Gateway x2  
  128  7:59  Stalker x4, Pylon  
  128  8:03  Warp Prism (Chrono Boost), Shield Battery  
  138  8:14  Zealot  
  140  8:21  Nexus  
  140  8:24  Pylon  
  140  8:26  Pylon  
  140  8:27  Pylon  
  140  8:32  Gravitic Drive (Chrono Boost)  
  140  8:37  Pylon  
  140  8:38  Pylon  
  140  8:42  Stalker x4  
  140  8:47  Photon Cannon  
  148  8:56  Zealot  
  148  8:57  Zealot  
  148  8:59  Zealot x2  
  156  9:04  Pylon  
  156  9:06  Zealot x4  
  164  9:14  Disruptor (Chrono Boost)  
  164  9:16  Zealot  
  164  9:17  Zealot  
  168  9:23  Pylon  
  171  9:25  Zealot x2  
  171  9:30  Probe x3  
  178  9:34  Probe  
  178  9:35  Gateway  
  178  9:36  Gateway  
  179  9:41  Zealot x3  
  179  9:42  Probe  
  179  9:43  Zealot  
  178  9:46  Zealot x5  
  178  9:51  Disruptor (Chrono Boost)  
  185  9:53  Protoss Ground Weapons Level 2 (Chrono Boost), Protoss Ground Armor Level 2 (Chrono Boost)  
  185  9:58  Zealot  
  185  10:05  Zealot x2  
  189  10:11  Zealot x4  
  197  10:17  Robotics Facility  
  197  10:20  Warp Prism (Chrono Boost)  
  199  10:30  Pylon  
  199  10:37  Nexus  
  199  10:39  Pylon  
  197  10:52  Photon Cannon  
  197  10:54  Photon Cannon  
  197  10:56  Disruptor  
  198  11:01  Photon Cannon  
  196  11:04  Photon Cannon  
  188  11:12  Zealot x6  
  200  11:38  Zealot  
  198  11:55  Zealot  
  200  12:14  Zealot x8  
  182  12:23  Disruptor x2  
  181  12:37  Stalker x5  
  186  12:44  Gateway  
  186  12:47  Gateway  
  186  12:49  Gateway  
  186  12:50  Protoss Ground Weapons Level 3 (Chrono Boost), Gateway, Protoss Ground Armor Level 3 (Chrono Boost)  
  186  12:53  Gateway  
  186  12:54  Gateway  
  186  13:00  Gateway  
  186  13:03  Nexus  
  186  13:04  Zealot x5  
  196  13:06  Pylon  
  196  13:11  Gateway  
  196  13:20  Dark Shrine  
  194  13:32  Zealot x5  
  196  13:46  Zealot x4  
  198  13:53  Photon Cannon  
  198  13:54  Photon Cannon  
  198  13:55  Stargate  
  198  13:56  Photon Cannon, Observer  
  197  14:09  Stalker x3  
  147  14:20  Stalker x2  
  147  14:21  Stalker x3  
  131  14:26  Sentry x2, Zealot x2  
  131  14:29  Probe x2  
  131  14:30  Probe x2  
  143  14:36  Sentry x2  
  143  14:37  Zealot x2  
  151  14:42  Nexus  
  151  14:44  Pylon  
  151  14:45  Zealot x5  
  149  14:56  Stalker x3  
  149  14:57  Stalker x3, Phoenix  
  131  15:04  Zealot x2  
  133  15:07  Stalker x5  
  137  15:28  Dark Templar x5  
  143  15:35  Dark Templar  
  145  15:47  Stalker x3  
  141  15:59  Stalker x2  

Tags
 
Add a new tag
Caveats
  • Supply blocks, unpowered buildings, or Contaminate may cause inaccurate times.
  • Supply counts are checked every 10 seconds.